 Dungeon Crawl Stone Soup version 0.26.1-11-gd32895ea62 (webtiles) character file.

Game seed: 16572140476737085097

22644 Zeld the Cruncher (level 13, -18/82 HPs)
             Began as an Octopode Gladiator on May 22, 2021.
             Was an Elder of Okawaru.
             Demolished by Urug
             ... wielding a +3 glaive
              (30 damage)
             ... on level 12 of the Dungeon.
             The game lasted 00:26:57 (31464 turns).

Zeld the Cruncher (Octopode Gladiator)             Turns: 31464, Time: 00:26:57

Health: -18/82     AC:  3    Str: 17    XL:     13   Next: 1%
Magic:  19/19      EV: 16    Int: 11    God:    Okawaru [****..]
Gold:   1868       SH:  0    Dex: 14    Spells: 20/20 levels left

rFire    . . .     SeeInvis .   a - +5 quarterstaff
rCold    + . .     Faith    .   (shield currently unavailable)
rNeg     . . .     Spirit   .   b - +2 hat
rPois    .         Reflect  .   e - amulet of magic regeneration
rElec    .         Harm     .   g - ring of protection from cold
rCorr    .         Rampage  .   (no ring)
Will     .....                  (no ring)
Stlth    ++........             (no ring)
HPRegen  0.23/turn              (no ring)
MPRegen  0.41/turn              (no ring)
                                (no ring)
                                (no ring)

@: no status effects
A: almost no armour, stealthy swim, amphibious, 8 rings, constrict 8, camouflage
1, gelatinous body 1
a: Renounce Religion, Heroism


You were on level 12 of the Dungeon.
You worshipped Okawaru.
Okawaru was greatly pleased with you.
You visited 2 branches of the dungeon, and saw 14 of its levels.

You collected 1868 gold pieces.

Inventory:

Hand Weapons
 a - a +5 quarterstaff (weapon)
 x - a +3 quarterstaff of chaos
 E - a +0 quarterstaff of freezing
Missiles
 c - 5 throwing nets
 h - 13 javelins
 n - 14 poisoned darts (quivered)
 q - 4 silver boomerangs
 s - 6 silver javelins
 u - 19 boomerangs
 y - 3 curare-tipped darts
 F - 2 boomerangs of dispersal
Armour
 b - a +2 hat (worn)
Jewellery
 e - an amulet of magic regeneration (around mantle)
 g - a ring of protection from cold (left tentacle)
 D - an uncursed ring of ice
Wands
 o - a wand of disintegration (4)
 p - a wand of random effects (15)
 v - a wand of flame (21)
 A - a wand of iceblast (1)
Scrolls
 d - 3 scrolls of enchant armour
 i - 3 scrolls of amnesia
 j - 6 scrolls of teleportation
 m - 8 scrolls of remove curse
Potions
 f - a potion of ambrosia
 t - a potion of brilliance
 w - 2 potions of flight {unknown}
 z - 2 potions of resistance
Miscellaneous
 r - a phantom mirror (inert)


   Skills:
 - Level 5.6 Fighting
 - Level 14.0 Staves
 * Level 13.1 Throwing
 - Level 6.0 Dodging
 - Level 4.4 Spellcasting
 - Level 0.9 Evocations


You had 20 spell levels left.
You didn't know any spells.
Your spell library contained the following spells:

 Spells                   Type           Power        Failure   Level
 Beastly Appendage        Tmut           4%           22%         1
 Corona                   Hex            2%           22%         1
 Foxfire                  Conj/Fire      8%           22%         1
 Magic Dart               Conj           8%           22%         1
 Sting                    Tmut/Pois      8%           22%         1
 Blink                    Tloc           N/A          34%         2
 Call Imp                 Summ           2%           34%         2
 Ensorcelled Hibernation  Hex/Ice        4%           34%         2
 Poisonous Vapours        Pois/Air       4%           34%         2
 Slow                     Hex            2%           34%         2
 Wereblood                Tmut           2%           34%         2
 Confusing Touch          Hex            2%           56%         3
 Conjure Flame            Conj/Fire      2%           56%         3
 Dazzling Flash           Conj/Hex       4%           56%         3
 Ignite Poison            Fire/Tmut/Pois 2%           56%         3
 Mephitic Cloud           Conj/Pois/Air  2%           56%         3
 Spider Form              Tmut/Pois      1%           56%         3
 Tukima's Dance           Hex            2%           56%         3
 Cause Fear               Hex            1%           92%         4
 Ice Form                 Ice/Tmut       2%           92%         4
 Olgreb's Toxic Radiance  Pois           2%           92%         4
 Blade Hands              Tmut           1%           99%         5
 Freezing Cloud           Conj/Ice/Air   1%           100%        6
 Dragon Form              Tmut           1%           100%        7
 Dragon's Call            Summ           1%           100%        9


Dungeon Overview and Level Annotations

Branches:
Dungeon (13/15)            Temple (1/1) D:7            Lair (0/6) D:10
    Orc (0/2) D:12
 Vaults: D:13-14

Altars:
Ashenzari
Cheibriados
Dithmenos
Elyvilon
Fedhas
Gozag
Hepliaklqana
Kikubaaqudgha
Makhleb
Nemelex Xobeh
Okawaru
Qazlal
Ru
Sif Muna
Trog
Uskayaw
Vehumet
Wu Jian
Xom
Yredelemnul
Zin
The Shining One

Shops:
D:12 *

Annotations:
D:9 exclusions: frost giant and 2 stone giants
D:12 Urug
D:13 exclusions: hydra, tengu warrior and wyvern


Innate Abilities, Weirdness & Mutations

You cannot wear most types of armour.
You are very stealthy in the water. (Stealth+)
You are amphibious.
You can wear up to eight rings at the same time.
You can use your tentacles to constrict eight enemies at once.
Your skin changes colour to match your surroundings (Stealth+).
Your rubbery body absorbs attacks. (AC +1, EV +1)


Message History

You constrict Urug, but do no damage. Urug hits you with a +3 glaive!
You are too injured to fight recklessly!
You are too injured to fight recklessly!
You are too injured to fight recklessly!
You are too injured to fight recklessly!
You thump Urug!
Urug is moderately wounded.
You constrict Urug, but do no damage. You hit Urug but do no damage.
Urug is moderately wounded.
You constrict Urug, but do no damage. Urug hits you with a +3 glaive!!
* * * LOW HITPOINT WARNING * * *
You barely miss Urug.
Urug is moderately wounded.
You constrict Urug, but do no damage.
Okay, then.
You sock Urug!
Urug is heavily wounded.
You constrict Urug. Urug hits you with a +3 glaive!!
You die...

.............. .
....)......##....##. ..#
...........##....... ..#
##................. ....
.#................ .....
................###.....
...)....................
....##......))..........
....##.......).)@o......
...............)......(.
........................
.....##.................
#....##.................
##......................
.........##..........##.
#........##....##....#
##.............# ...


You could see Urug.

Vanquished Creatures
  Fannar (D:12)
  Harold (D:9)
  A boulder beetle (D:13)
  2 centaur warriors
  4 two-headed ogres
  A queen ant (D:9)
  An unseen horror (D:11)
  A cyclops (D:13)
  Joseph (D:7)
  Maggie (D:7)
  2 gargoyles
  2 komodo dragons (D:10)
  2 trolls
  Grinder (D:5)
  3 wyverns
  3 wraiths
  A steam dragon (D:10)
  9 yaks
  Eustachio (D:4)
  12 soldier ants
  An acid dragon (D:10)
  A water moccasin (D:9)
  A warg (D:12)
  9 orc warriors
  2 black bears
  2 sky beasts
  A phantom (D:10)
  An eye of draining (D:12)
  5 ice beasts
  The ghost of nomophobia the Chopper, an amateur DsBe of Trog (D:4)
  8 ogres
  3 centaurs
  2 big kobolds
  9 bullfrogs
  4 scorpions
  9 killer bees
  30 wights
  7 howler monkeys
  2 bullfrog zombies
  4 centaur zombies
  2 quasits
  3 jellies
  Crazy Yiuf (D:7)
  11 hounds
  2 bullfrog skeletons
  10 orc priests
  5 iguanas
  A centaur skeleton (D:2)
  9 orc wizards
  35 worker ants
  3 hound skeletons
  2 worker ant zombies
  3 gnolls (D:4)
  11 adders
  4 shadow imps
  4 white imps
  2 ufetubi
  An ooze (D:2)
  2 worms (D:2)
  4 dart slugs
  3 leopard geckos
  68 orcs
  3 ball pythons
  3 giant cockroaches
  8 hobgoblins
  9 jackals
  22 kobolds
  6 quokkas
  6 bats
  4 frilled lizards
  9 goblins
  2 jackal skeletons
  A quokka zombie (D:5)
  8 rats
  A bush (Temple)
420 creatures vanquished.

Vanquished Creatures (collateral kills)
  A two-headed ogre (D:4)
1 creature vanquished.

Grand Total: 421 creatures vanquished

Notes
Turn   | Place    | Note
-------+----------+-------------------------------------------
     0 | D:1      | Zeld the Octopode Gladiator began the quest for the Orb.
     0 | D:1      | Reached XP level 1. HP: 14/14 MP: 1/1
   249 | D:1      | Reached XP level 2. HP: 17/19 MP: 2/2
   796 | D:2      | Reached skill level 4 in Staves
   801 | D:2      | Reached XP level 3. HP: 24/24 MP: 3/3
   833 | D:2      | Reached XP level 4. HP: 23/29 MP: 4/4
   967 | D:2      | Reached skill level 5 in Staves
  1262 | D:2      | You fall into a shaft and drop 1 floor!
  1943 | D:3      | Reached XP level 5. HP: 34/34 MP: 5/5
  2606 | D:2      | Reached skill level 6 in Staves
  2867 | D:4      | Noticed nomophobia's ghost (amateur DsBe)
  2877 | D:4      | Noticed Eustachio
  2882 | D:4      | Reached XP level 6. HP: 22/39 MP: 6/6
  2902 | D:4      | Killed Eustachio
  2903 | D:4      | Reached skill level 7 in Staves
  3170 | D:4      | Found a large runed translucent door.
  3171 | D:4      | Found a large runed translucent door.
  3366 | D:4      | Found a runed translucent door.
  3611 | D:4      | Found a large runed translucent door.
  3612 | D:4      | Found a large runed translucent door.
  3644 | D:4      | Reached skill level 8 in Staves
  3644 | D:4      | Reached XP level 7. HP: 33/45 MP: 7/7
  3724 | D:4      | Found the +10 zealot's sword {holy, *Rage rN+ EV+3}
  4069 | D:4      | Noticed a two-headed ogre
  4499 | D:4      | Killed nomophobia's ghost
  4629 | D:5      | Entered Level 5 of the Dungeon
  4724 | D:5      | Reached skill level 9 in Staves
  4734 | D:5      | Noticed Grinder
  5066 | D:5      | Paralysed by Grinder for 6 turns
  5079 | D:5      | Killed Grinder
  5080 | D:5      | Reached XP level 8. HP: 42/50 MP: 8/8
  5325 | D:5      | Reached skill level 10 in Staves
  5512 | D:5      | Found a white marble altar of Elyvilon.
  6088 | D:4      | Found a large runed translucent door.
  6088 | D:4      | Found a large runed translucent door.
  6244 | D:4      | Killed a two-headed ogre
  6245 | D:4      | Reached skill level 11 in Staves
  6657 | D:6      | Reached XP level 9. HP: 35/54 MP: 9/9
  7050 | D:6      | Reached skill level 12 in Staves
  7616 | D:6      | Reached skill level 13 in Staves
  7849 | D:6      | Found a snail-covered altar of Cheibriados.
  8078 | D:6      | Found a blossoming altar of Fedhas.
  8449 | D:6      | Reached XP level 10. HP: 20/60 MP: 10/10
  9376 | D:7      | Reached skill level 14 in Staves
  9438 | D:7      | Noticed Maggie
  9457 | D:7      | Killed Maggie
  9931 | D:7      | Found a runed translucent door.
  9932 | D:7      | Noticed Crazy Yiuf
 10013 | D:7      | Found a staircase to the Ecumenical Temple.
 10041 | Temple   | Entered the Ecumenical Temple
 10099 | Temple   | Became a worshipper of Warmaster Okawaru
 10336 | D:7      | Noticed Joseph
 10705 | D:7      | Killed Joseph
 10706 | D:7      | Reached skill level 5 in Throwing
 11051 | D:7      | Killed Crazy Yiuf
 13050 | D:9      | Noticed a queen ant
 13361 | D:9      | Noticed Harold
 13374 | D:9      | Killed Harold
 13374 | D:9      | Reached * piety under Okawaru
 13401 | D:9      | Reached ** piety under Okawaru
 13453 | D:8      | Reached XP level 11. HP: 28/68 MP: 14/14
 14751 | D:9      | Noticed a two-headed ogre
 14759 | D:9      | Killed a two-headed ogre
 14760 | D:9      | Reached skill level 5 in Dodging
 14783 | D:9      | Reached *** piety under Okawaru
 15191 | D:9      | Noticed a centaur warrior
 15218 | D:9      | Killed a centaur warrior
 15219 | D:9      | Reached skill level 5 in Fighting
 15405 | D:9      | Noticed a stone giant
 15405 | D:9      | Noticed a stone giant
 15405 | D:9      | Noticed a frost giant
 15480 | D:9      | Noticed a two-headed ogre
 15500 | D:9      | Killed a two-headed ogre
 15615 | D:9      | Received a gift from Okawaru
 15831 | D:9      | Identified a scroll of acquirement
 15832 | D:9      | Acquired 1099 gold pieces
 17439 | D:10     | Entered Level 10 of the Dungeon
 17752 | D:10     | Reached **** piety under Okawaru
 20143 | D:10     | Reached XP level 12. HP: 77/77 MP: 18/18
 20448 | D:10     | Found a staircase to the Lair.
 20964 | D:9      | Killed a queen ant
 21471 | D:11     | Reached skill level 10 in Throwing
 22121 | D:11     | Noticed a two-headed ogre
 23385 | D:11     | Killed a two-headed ogre
 23664 | D:11     | Received a gift from Okawaru
 23804 | D:11     | You fall into a shaft and drop 2 floors!
 23824 | D:13     | Noticed a two-headed ogre
 23828 | D:13     | Noticed a tengu warrior
 23835 | D:13     | Killed a two-headed ogre
 24584 | D:13     | Noticed a boulder beetle
 24604 | D:13     | Killed a boulder beetle
 24811 | D:13     | Found a sparkling altar of Nemelex Xobeh.
 24818 | D:13     | Noticed a four-headed hydra
 24933 | D:13     | Noticed a centaur warrior
 24942 | D:13     | Killed a centaur warrior
 24942 | D:13     | Received a gift from Okawaru
 25083 | D:13     | Noticed a centaur warrior
 25748 | D:12     | Noticed Urug
 25755 | D:11     | HP: 2/77 [gargoyle/+0 flail (19)]
 27318 | D:12     | Noticed Fannar
 27337 | D:12     | Killed Fannar
 27337 | D:12     | Reached ***** piety under Okawaru
 31258 | D:12     | Found Mikigo's Pet Rocks.
 31266 | D:12     | Reached XP level 13. HP: 77/82 MP: 19/19
 31440 | D:12     | Found a staircase to the Orcish Mines.
 31464 | D:12     | Demolished by Urug

Illustrated notes

Levels and vault maps discovered:
D:1:      minmay_arrival_three_doors, layout_loops_cross
D:2:      layout_rooms, wander_ebering_terrifying_dragon_lair
D:3:      layout_rooms
D:4:      layout_cave_pods, hellmonk_ghost_happy_afterlife,
          minmay_hollow_rounded_squares, uniq_eustachio
D:5:      layout_basic, supply_closet_lemuel, minmay_crystal_water,
          amethyst_killhole, elyvilon_altar_1, uniq_grinder
D:6:      layout_loops_ring, fedhas_ov_isle_minmay, minmay_misc_feat_chi,
          kennysheep_slug_shrine
D:7:      layout_basic, minmay_temple_entry_offerings, uniq_joseph,
          uniq_crazy_yiuf_cottage, uniq_maggie
D:8:      layout_layer_cave
D:9:      minmay_shrinking_squares, layout_small_grid, zaba_anthell, uniq_harold
D:10:     layout_long_grid, erik_lair_dragon
D:11:     layout_loops_cross
D:12:     layout_layer_cave, erik_orc_4, nicolae_trove_entry_diagonal,
          enter_bailey_5, guppyfry_shop_earth, uniq_urug, uniq_fannar
D:13:     minmay_sliced_demisemicircle, layout_loops_ring, basic_altar
Temple:   kilobyte_greek_temple

Skill      XL: |  1  2  3  4  5  6  7  8  9 10 11 12 |
---------------+-------------------------------------+-----
Staves         | 4 5 6 8 9 11 13 14 | 14.0
Throwing       | 6 8 13 | 13.1
Fighting       | 3 5 |  5.6
Dodging        | 4 6 |  6.0
Spellcasting   | 2 4 |  4.4
Evocations     | |  0.9

Action                   |  1- 3 |  4- 6 |  7- 9 | 10-12 | 13-15 || total
-------------------------+-------+-------+-------+-------+-------++-------
Melee: Quarterstaff      |    42 |   110 |   180 |   849 |    22 ||  1203
       Constrict         |     8 |    37 |    40 |   136 |     4 ||   225
       Tentacles         |     5 |    29 |    40 |   220 |     4 ||   298
       Punch             |       |       |       |     3 |       ||     3
Throw: Dart              |       |       |       |    23 |       ||    23
Invok: Heroism           |       |       |       |    11 |       ||    11
Evoke: Phantom mirror    |       |       |     1 |     5 |       ||     6
       Wand              |       |       |       |    30 |       ||    30
  Use: Scroll            |       |    12 |    10 |    23 |       ||    45
       Potion            |       |       |     2 |     9 |       ||    11
 Stab: Sleeping          |     7 |     4 |     8 |    10 |       ||    29
       Distracted        |       |     1 |     1 |     1 |       ||     3
       Paralysed         |       |       |       |    29 |       ||    29
       Invisible         |       |       |       |     5 |       ||     5
Armor: Skin              |     2 |    10 |    14 |    54 |     2 ||    82
Dodge: Dodged            |    28 |    79 |    86 |   430 |    14 ||   637
